Cogmind - Beta 14 @@@ ROGUE MODE // 2024.09.09 @ 19:47:14 Player: LEWiKK Result: Destroyed by as-86142 with Assembled Heavy Rifle Performance ------------- Evolutions (1) 500 Regions Visited (4) 800 Robots Destroyed (32) 160 Value Destroyed (773) 773 Prototype IDs (0) 0 Alien Tech Used (0) 0 Bonus (7) 7 TOTAL SCORE: 2240 Bonus ------- Follower Combat Kills 7 Cogmind --------- Core Integrity 0/400 Matter 300/300 Energy 100/100 System Corruption 0% Temperature Cool (0) Movement Core (50) Location -9/Mines Parts ------- > --- POWER (1) -------- (None) > --- PROPULSION (3) --- (None) > --- UTILITY (3) ------ (None) > --- WEAPON (2) ------- (None) > --- INVENTORY (5) ---- Light Ion Engine Light Ion Engine Light Nuclear Core Targeting Computer Mining Laser Peak State ------------ > --- POWER ------------ Improved Ion Engine > --- PROPULSION ------- Light Treads Light Treads Light Treads > --- UTILITY ---------- Medium Storage Unit Targeting Computer Medium Armor Plating > --- WEAPON ----------- EM Shotgun Beamcaster > --- INVENTORY -------- Light Ion Engine Light Ion Engine Light Nuclear Core Targeting Computer Targeting Computer Targeting Computer Small Laser Light Assault Rifle Mining Laser [Rating: 17] Favorites ----------- Power Improved Ion Engine Engine Improved Ion Engine Propulsion Light Treads Treads Light Treads Leg Aluminum Leg Utility Medium Storage Unit Storage Medium Storage Unit Processor Targeting Computer Protection Light Armor Plating Weapon Small Laser Energy Gun Small Laser Ballistic Gun Light Assault Rifle Build | -11 -10 -10 -9 -9 ------- Run | Yrd Mat Min Mat Min Slots Evolved 2 | . . . 2 . Power . | . . . . . Propulsion 1 | . . . 1 . Utility 1 | . . . 1 . Weapon . | . . . . . Parts Attached 20 | . 6 7 5 2 Power 1 | . . 1 . . Engine 1 | . . 1 . . Core . | . . . . . Reactor . | . . . . . Propulsion 6 | . 2 2 2 . Treads 6 | . 2 2 2 . Leg . | . . . . . Wheel . | . . . . . Hover . | . . . . . Flight . | . . . . . Utility 8 | . 4 2 1 1 Device . | . . . . . Storage 1 | . 1 . . . Processor 2 | . . 1 . 1 Hackware . | . . . . . Protection 5 | . 3 1 1 . Artifact . | . . . . . Weapon 5 | . . 2 2 1 Energy Gun 4 | . . 2 2 . Energy Cannon . | . . . . . Ballistic Gun 1 | . . . . 1 Ballistic Cannon . | . . . . . Launcher . | . . . . . Special Weapon . | . . . . . Impact Weapon . | . . . . . Slashing Weapon . | . . . . . Piercing Weapon . | . . . . . Special Melee Weapon . | . . . . . Unidentified Prototypes . | . . . . . Parts Lost 14 | . . 2 4 8 Power 1 | . . . . 1 Propulsion 4 | . . . 2 2 Utility 3 | . . 1 . 2 Weapon 6 | . . 1 2 3 Highest Loss Streak 8 | . . 1 3 8 To Critical Strikes . | . . . . . Average Slot Usage (%) 93 | . 97 95 95 18 Engine 11 | . 14 10 11 1 Treads 27 | . 28 28 29 3 Storage 13 | . 14 14 11 4 Processor 4 | . . 5 11 6 Protection 9 | . 12 8 10 . Energy Gun 21 | . 14 26 21 2 Ballistic Gun 5 | . 14 1 . 1 Peak Build Rating 17 | . 8 13 17 12 Average Rating 9 | . 7 10 14 1 On Entrance 9 | 6 6 8 13 12 Naked Turns 57 | . . . . 57 Heaviest Build 32 | 12 20 27 32 10 Greatest Support 60 | 20 40 40 60 20 Greatest Overweight (x) 3 | . . 1 . 3 Average Overweight (x) . | . . . . . Largest Inventory Capacity 10 | . 10 10 10 10 Average Capacity 9 | . 8 10 10 7 Most Carried 10 | . 10 10 10 8 Average Carried 9 | . 8 9 8 5 Final Capacity 10 | 8 10 10 10 5 Final Carried 10 | 6 10 10 8 5 Class Distribution -------------------- 59% | Mutant 40% | Scavenger-Mutant Dominant Class ---------------- Mutant | -10/Materials Scavenger-Mutant | -10/Mines Mutant | -9/Materials Mutant | -9/Mines Resources | -11 -10 -10 -9 -9 ----------- Run | Yrd Mat Min Mat Min Matter Collected 522 | 200 113 118 91 . Remotely . | . . . . . Salvage Created 1056 | . 443 354 259 . Parts 57 | . 28 25 4 . Haulers Intercepted 2 | . 2 . . . Recyclers Shooed 1 | . 1 . . . Parts Field Recycled . | . . . . . Retrieved Matter . | . . . . . Parts Self-Destructed . | . . . . . Prevented . | . . . . . Kills | -11 -10 -10 -9 -9 ------- Run | Yrd Mat Min Mat Min Combat Hostiles Destroyed 29 | . 12 11 6 . Guns 29 | . 12 11 6 . Classes Destroyed 5 | . 3 2 . . Worker 1 | . . 1 . . Hauler 2 | . 2 . . . Swarmer 12 | . 6 6 . . Grunt 16 | . 6 4 6 . Sentry 1 | . . 1 . . Best Kill Streak 6 | . 6 5 2 . Combat Bots Only 6 | . 6 5 2 . Max Kills in Single Turn 2 | . 1 2 1 . Gunslinging . | . . . . . Exploded . | . . . . . Melee . | . . . . . Uniques/NPCs Destroyed . | . . . . . Combat | -11 -10 -10 -9 -9 -------- Run | Yrd Mat Min Mat Min Hostile Shots Fired 208 | . 47 64 43 54 Missed 42 | . 15 11 5 11 Damage Taken 2071 | . 323 575 626 547 Core 616 | . 38 163 226 189 Absorbed by Shields . | . . . . . Redirected to Shielding 4 | . 4 . . . Core Remaining (%) 59 | 100 . 19 . . Volleys Fired 116 | . 53 33 25 5 Largest 2 | . 2 2 2 2 Hottest 125 | . 60 125 125 85 Shots Fired 222 | . 106 65 42 9 Gun 222 | . 106 65 42 9 Cannon . | . . . . . Launcher . | . . . . . Special . | . . . . . Kinetic 73 | . 53 17 . 3 Thermal 139 | . 53 48 33 5 Explosive . | . . . . . Electromagnetic 10 | . . . 9 1 Robot Hit Streak 9 | . 7 8 9 8 Robot Miss Streak 3 | . 3 3 2 2 Penetration Max . | . . . . . Secondary Targets 8 | . 5 2 1 . Max Gunslinging Chain 1 | . 1 1 1 . Shots Hit Robots 146 | . 67 39 32 8 Core Hits 57 | . 24 21 10 2 Critical Kills . | . . . . . Critical Parts Destroyed . | . . . . . Critical Strikes 3 | . . 2 1 . Burn 3 | . . 2 1 . Melee Attacks . | . . . . . Impact . | . . . . . Slashing . | . . . . . Piercing . | . . . . . Sneak Attacks . | . . . . . Combat Hostiles . | . . . . . Follow-up Attacks . | . . . . . Damage Inflicted 1751 | . 642 482 547 80 Guns 1699 | . 642 472 511 74 Cannons . | . . . . . Explosions 36 | . . . 36 . Melee . | . . . . . Ramming 16 | . . 10 . 6 Kinetic 311 | . 189 100 . 22 Thermal 1324 | . 453 372 455 44 Explosive . | . . . . . Electromagnetic 100 | . . . 92 8 Impact . | . . . . . Slashing . | . . . . . Piercing . | . . . . . Highest Corruption 2 | . 2 2 . . Average Corruption 2 | . 2 2 . . Corruption Purged . | . . . . . Corruption Blocked . | . . . . . Effects 22 | . . 22 . . Message Errors 5 | . . 5 . . Matter Fused 4 | . . 4 . . Heat Flow Errors 4 | . . 4 . . Energy Discharges 1 | . . 1 . . Parts Rejected 1 | . . 1 . . Parts Fused 1 | . . 1 . . Data Loss (minor) 4 | . . 4 . . Data Loss (major) 2 | . . 2 . . Overload Shots . | . . . . . Overflow Damage . | . . . . . Projectiles . | . . . . . Explosions . | . . . . . Melee . | . . . . . Knockbacks . | . . . . . Impact . | . . . . . Kinetic . | . . . . . Secondary . | . . . . . Self-Inflicted Damage . | . . . . . Shots . | . . . . . Rammed 17 | . . 13 . 4 Targets Rammed 17 | . . 13 . 4 Kicked . | . . . . . Crushed . | . . . . . Highest Temperature 815 | . 98 578 815 74 Average Temperature 165 | . 35 155 348 46 Received Heat Transfer 780 | . 99 144 228 309 Effects 42 | . . 9 33 . Shutdowns 7 | . . 2 5 . Energy Bleed 6 | . . 1 5 . Interference 7 | . . 3 4 . Matter Decay 4 | . . 1 3 . Short Circuit 2 | . . 1 1 . Damage (minor) 3 | . . . 3 . Damage (major) 8 | . . . 8 . Damage (core) 5 | . . 1 4 . Siege Activations . | . . . . . Robots Corrupted . | . . . . . Combat Hostiles . | . . . . . Parts Fried . | . . . . . Impact Corruptions . | . . . . . Robots Melted . | . . . . . Combat Hostiles . | . . . . . Parts Melted 4 | . 1 . 3 . Heat Transferred 3155 | . 1000 1053 1002 100 Parts Sabotaged . | . . . . . Parts Stolen . | . . . . . Parts Stripped . | . . . . . Power Chain Reactions 1 | . . . 1 . Alert | -11 -10 -10 -9 -9 ------- Run | Yrd Mat Min Mat Min Peak Influence 315 | . 315 226 200 137 Initial 78 | . . 61 . 78 Average 100 | . 148 85 70 39 Maximum Alert Level 1 | . 1 1 1 . Low Security (%) 81 | . 82 78 86 100 Level 1 18 | . 17 21 13 . Level 2 . | . . . . . Level 3 . | . . . . . Level 4 . | . . . . . Level 5 . | . . . . . High Security . | . . . . . Max Security . | . . . . . Squads Dispatched 3 | . 1 . 2 . Investigation 1 | . . . 1 . Extermination . | . . . . . Reinforcement 2 | . 1 . 1 . Assault . | . . . . . Garrison . | . . . . . Intercept . | . . . . . Searches Triggered . | . . . . . Construction Impeded . | . . . . . Haulers Reinforced . | . . . . . Active Scanning Responses . | . . . . . Cargo Convoy Interrupts . | . . . . . Stealth | -11 -10 -10 -9 -9 --------- Run | Yrd Mat Min Mat Min Distress Signals 3 | . . . 3 . Communications Jammed . | . . . . . Distress Signals . | . . . . . Times Spotted 61 | . 20 16 14 11 Peak Tracking Total 11 | . 6 3 6 11 Tactical Retreats 5 | . 1 1 1 2 Traps | -11 -10 -10 -9 -9 ------- Run | Yrd Mat Min Mat Min Traps Triggered 1 | . 1 . . . Indirectly . | . . . . . Trap Hack Attempts . | . . . . . Triggered . | . . . . . Disarmed . | . . . . . Reprogrammed . | . . . . . Reused . | . . . . . Traps Extracted . | . . . . . Installed . | . . . . . Triggered . | . . . . . Machines | -11 -10 -10 -9 -9 ---------- Run | Yrd Mat Min Mat Min Machines Disabled 2 | . . . 2 . Max in Single Turn 1 | . . . 1 . Machines Repaired . | . . . . . Machines Dismantled . | . . . . . Machines Sabotaged . | . . . . . Overloaded Fab Kills . | . . . . . Hacking | -11 -10 -10 -9 -9 --------- Run | Yrd Mat Min Mat Min Machines Accessed 4 | . 2 1 1 . Terminals 4 | . 2 1 1 . Fabricators . | . . . . . Repair Stations . | . . . . . Recycling Units . | . . . . . Scanalyzers . | . . . . . Garrison Access . | . . . . . Total Hacks 10 | . 5 2 3 . Successful 6 | . 4 1 1 . Failed 4 | . 1 1 2 . Catastrophic 1 | . . . 1 . Database Lockouts . | . . . . . Manual 4 | . 2 1 1 . Terminals 10 | . 5 2 3 . Fabricators . | . . . . . Repair Stations . | . . . . . Recycling Units . | . . . . . Scanalyzers . | . . . . . Garrison Access . | . . . . . Terminal Hacks 2 | . 2 . . . Emergency Access Points 1 | . 1 . . . Transport Status 1 | . 1 . . . Fabricator Hacks . | . . . . . Repair Station Hacks . | . . . . . Recycling Unit Hacks . | . . . . . Scanalyzer . | . . . . . Garrison Access Hacks . | . . . . . Unauthorized Hacks 4 | . 2 1 1 . Terminals 4 | . 2 1 1 . Botnet 4 | . 2 1 1 . Fabricators . | . . . . . Repair Stations . | . . . . . Recycling Units . | . . . . . Scanalyzers . | . . . . . Garrison Access . | . . . . . Data Cores Recovered . | . . . . . Used . | . . . . . Hacking Detections 4 | . 2 1 1 . Full Trace Events 2 | . 1 . 1 . Feedback Events . | . . . . . Feedback Blocked . | . . . . . Robot Schematics Acquired . | . . . . . Robots Built . | . . . . . Authchips . | . . . . . Time . | . . . . . Total Robot Build Rating . | . . . . . Part Schematics Acquired . | . . . . . Parts Built . | . . . . . Authchips . | . . . . . Time . | . . . . . Total Part Build Rating . | . . . . . Parts Repaired . | . . . . . Time . | . . . . . Parts Recycled . | . . . . . Recycled Matter . | . . . . . Retrieved Matter . | . . . . . Retrieved Components . | . . . . . Parts Scanalyzed . | . . . . . Part Schematics Acquired . | . . . . . Parts Damaged . | . . . . . Bothacking | -11 -10 -10 -9 -9 ------------ Run | Yrd Mat Min Mat Min Used RIF Installer . | . . . . . Robots Hacked . | . . . . . Non-combat . | . . . . . Combat . | . . . . . Robot Hacks Applied . | . . . . . Relay Couplers Released . | . . . . . Fabnet Peak Effective % . | . . . . . Robots Rewired . | . . . . . Allies Hacked . | . . . . . Hacks Repelled . | . . . . . Allies | -11 -10 -10 -9 -9 -------- Run | Yrd Mat Min Mat Min Total Allies 2 | . . . . 2 Largest Group 2 | . . . . 2 Highest-Rated Group 45 | . . . . 45 Highest-Rated Ally 31 | . . . . 31 Total Orders . | . . . . . Ally Attacks 2 | . . . . 2 Total Damage 21 | . . . . 21 Kills 1 | . . . . 1 Allies Corrupted . | . . . . . Allies Melted . | . . . . . Intel | -11 -10 -10 -9 -9 ------- Run | Yrd Mat Min Mat Min Robot Analysis Total . | . . . . . Derelict Logs Recovered 3 | . . 3 . . Drone Launches . | . . . . . Drone Recoveries . | . . . . . Exploration | -11 -10 -10 -9 -9 ------------- Run | Yrd Mat Min Mat Min Turns Passed 2225 | . 662 1219 244 100 Spaces Moved 1144 | 1 308 662 93 80 Core 75 | . . . . 75 Treads 1065 | . 305 662 93 5 Legs 4 | 1 3 . . . Wheels . | . . . . . Hover . | . . . . . Flight . | . . . . . Fastest Speed 50 | 120 120 160 160 50 Average Speed 153 | 120 159 160 160 70 Slowest Speed 240 | 120 160 240 160 200 Overloaded Moves . | . . . . . Propulsion Burnouts . | . . . . . Robots Hopped . | . . . . . Cave-ins Triggered . | . . . . . Exploration Rate (%) 38 | 2 50 97 15 29 Regions Visited 4 Branch Regions 2 Pre-discovered Areas . | . . . . . Known Exits Taken 1 | . . . 1 . Unknown Exits Taken 3 | 1 1 1 . . Scrap Searched 1 | . . 1 . . Spaces Dug . | . . . . . Terrain Destroyed 4 | . . . 4 . Melee . | . . . . . Projectile . | . . . . . AOE 4 | . . . 4 . Terrain Rammed . | . . . . . Walls Destroyed . | . . . . . Machines Disabled . | . . . . . Actions | -11 -10 -10 -9 -9 --------- Run | Yrd Mat Min Mat Min Total 1385 | . 387 739 146 113 Wait 62 | . 1 19 20 22 Move 1140 | . 307 661 92 80 Hop . | . . . . . Pick Up 15 | . 10 2 3 . Fast Attach 5 | . 2 2 1 . Attach 11 | . 2 3 4 2 Detach 3 | . 2 1 . . Swap 4 | . 2 2 . . Drop 12 | . 8 3 1 . Fire 116 | . 53 33 25 5 Melee . | . . . . . Ram 1 | . . . . 1 Kick . | . . . . . Crush 16 | . . 13 . 3 Escape Stasis . | . . . . . Rewire . | . . . . . Trap . | . . . . . Miscellaneous . | . . . . . Route ------- -11/Scrapyard -10/Materials (discovered 2 exits: *Mat / *Min) -10/Mines (discovered 3 exits: *Mat x2 / Sub) -9/Materials -9/Mines History --------- Turn | Location | Event 1 | -11/Scrapyard | Discovered new exit (range 0) 1 | -11/Scrapyard | Entered Materials 106 | -10/Materials | Discovered new exit (range 7) 311 | -10/Materials | Build established: Mutant 328 | -10/Materials | Discovered new exit (range 5) 663 | -10/Materials | Entered Mines 675 | -10/Mines | Met a Derelict bent on vengeance 779 | -10/Mines | Identified exit to Subcaves 930 | -10/Mines | Found a damaged Exp. Sensor Array with a note attached 1090 | -10/Mines | Joined a pair of Derelicts in attacking an 0b10 outpost 1297 | -10/Mines | Learned Materials security intel 1364 | -10/Mines | Core integrity fell below 50% 1394 | -10/Mines | Core integrity fell below 20% 1398 | -10/Mines | Build established: Scavenger-Mutant 1479 | -10/Mines | Discovered new exit (range 3) 1492 | -10/Mines | Learned 2 Materials zone layouts 1763 | -10/Mines | Discovered new exit (range 10) 1882 | -10/Mines | Entered Materials 1882 | -9/Materials | Evolved 2 slots: Propulsion x1, Utility x1 1883 | -9/Materials | Identified exit to Mines 2033 | -9/Materials | Core integrity fell below 50% 2108 | -9/Materials | Lost 3 parts (1n2w) 2126 | -9/Materials | Entered Mines 2149 | -9/Mines | Core integrity fell below 20% 2169 | -9/Mines | Released all parts (2) 2185 | -9/Mines | Lost 8 parts (1p2n2u3w) 2217 | -9/Mines | Assembled infested the area 2226 | -9/Mines | Destroyed by as-86142 with Assembled Heavy Rifle Last Messages --------------- Med. Armor Plating destroyed. Lgt. Treads destroyed. Imp. Ion Engine destroyed. Lgt. Assault Rifle destroyed. Sml. Laser destroyed. Slammed into G-47 Trooper. Targeting Computer destroyed. K-01 Serf collects debris. Critical hit (Burn: +37). Lgt. Treads destroyed. K-01 Serf collects debris. Released Targeting Computer. Released Med. Storage Unit. K-01 Serf collects debris. Slammed into T-07 Excavator. ALERT: Infestation in the mines, dispatching Demolisher response squad. A pair of derelicts emerge from the shadows: "We're, um, lost. You wouldn't happen to know the way out of here, would you?" Map ----- +----------------------------------------------------+ | | | | | | | | | | | | | | | | | | | | | ?????????????????????????????????????????????????? | | ?????????????????????????????????????????????????? | | ?????????????????????????????????????????????????? | | ?????????????????????????????????????????????????? | | ?????????????????????????????????????????????????? | | ?????????????????????????????????????????????????? | | ?????????????????????????????????????????????????? | | ?????????????????????????????????????????????????? | | ?????????????????????????????????????###?????????? | | ???????????????????????????????????## ##????????? | | ????????????????????????????####??# #????????? | | ???????????????????????????## ### #????????? | | ??????????????????????????## #?????????? | | ?????????????????????????## #???????????? | | ????????????????# ####### #????????????? | | ????????????????# a @ #?????????????? | | ????????????????#$ a t #???????????????? | | ????????????????###########z g ##???????????????? | | ???????????????????####### ##????????????????? | | ???????????????????# ##?????????????????? | | ???????????????????# #### s##?????????????????? | | ?????????????????????????## #?###########?????? | | ??????????????????????????## #?# #? | | ???????????????????????????## #?# #########?????? | | ????????????????????????????# #?# #?????????????? | | ????????????????????????????# #?# #?????????????? | | ????????????????????????????# [#?# #######???????? | | ??????????????????????????###=%### #???????? | | ??????????????????????????# = % ##### #???????? | | ??????????????????????????# #####???# #####???? | | ??????????????????????????# ???????# #???? | | ????????????????????????# ??????##### #???? | | ????????????????????????# #?????????# #???? | | ???????????????????????# ##?????????# #???? | | ??????????????????????# ####?????????## #???? | | ?????????????????????# #????????????## ##??? | | ????????????????????# ????????????## #??? | | ????????????????????# ???????????## #??? | | ????????????????????# ??????###### #??? | | ???????????????????? ## ?????## ##??? | +----------------------------------------------------+ Best States ------------- Heat Dissipation 28 Energy Generation 12 Energy Capacity 265 Matter Stores 300 Matter Capacity 300 Sight Range 16 Terrain Scan Density 10 Armor Coverage 225 Core Shielding 20 Power Shielding 33 Evasion (%) 50 Targeting Accuracy 10 Recoil Reduction 3 Item Schematics ----------------- None Robot Schematics ------------------ None Fabricated ------------ Nothing Alien Tech Used ----------------- None Achievements -------------- None Challenges ------------ None Game ------ Seed VoltaicEnergyEdition Manual? 0 Play Time 00:23:24 Cumulative 58.0 hours Start 2024.09.09 @ 19:25:22 End 2024.09.09 @ 19:47:14 Sessions 1 Manual Loads 0 Difficulty Rogue Special Mode None Game No. 56 Rogue 56 Adventurer 0 Explorer 0 Win Type - Total 2 Types 1/0/0/1/0/0/0/0/0 Lore% 48 Gallery% 37 Achievement% 38 Wizard Run 0 Options --------- Layout 1 ASCII 0 Keyboard 1 Movement Numpad Keybinds 0 Fullscreen 2 Font 20/SmallcapsGlow Map View 54x42 Zoom Use 0% Tactical HUD 0 Map Filters NONE Filters NONE Steam 1 RUN: f3451283-c370-4ffc-b40a-46cb4e23c1bc